AoeStats
← |GaoeG| flamingo

Arena

507794524Analyzed
2v2 RM · 13d ago on Sep 19, 2026· 54m 2s· 4 players
Game mode
Random Map
Map size
Medium (4 player)
Population
200
Speed
Normal
Resources
Standard
Victory
Conquest
Starting age
Dark Age
Ending age
Imperial Age
RankedLock teamsTeams togetherTeam positionsShared explorationLock speedFull tech treeHidden civsTurbo modeCheats
Victory
Defeat
🇪🇸 Spanish · Spain
1302
+13
🇪🇸 Vikings · Spain
1150
+18
🇵🇪 Burmese · Peru
1236
-16
🇩🇰 Bohemians · Denmark
1209
-15
CL0UD
10:57 Feudal Age
14:33 Castle Age
12:41 Horse Collar
14:07 Double-Bit Axe
15:01 Fletching
15:17 Crossbowman
17:25 Loom
22:52 Wheelbarrow
24:06 Town Watch
25:34 Hand Cart
28:43 Bow Saw
28:35 Heavy Plow
31:53 Imperial Age
29:48 Bodkin Arrow
29:53 Padded Archer Armor
29:15 Elite Skirmisher
31:13 Padded Archer Armor
31:38 Ballistics
32:18 Chemistry
32:27 Pikeman
33:07 Squires
33:17 Scale Mail Armor
33:28 Forging
34:27 Conscription
35:52 Siege Engineers
36:39 Leather Archer Armor
37:14 Halberdier
38:47 Chain Mail Armor
39:08 Iron Casting
40:07 Plate Mail Armor
40:25 Iron Casting
43:43 Houfnice
53:07 Wagenburg Tactics
EL CHANCHO 3026
7:15 Loom
9:59 Feudal Age
13:51 Castle Age
15:32 Sanctity
16:54 Redemption
35:55 Imperial Age
37:34 Horse Collar
37:26 Elite Skirmisher
41:05 Wheelbarrow
40:15 Town Watch
40:36 Padded Archer Armor
40:26 Fletching
42:10 Ballistics
41:32 Treadmill Crane
43:01 Masonry
43:41 Bloodlines
43:31 Husbandry
43:49 Crossbowman
44:30 Gold Mining
44:30 Stone Mining
54:43 Chemistry
|GaoeG| Joseba77
11:37 Feudal Age
13:08 Double-Bit Axe
13:17 Horse Collar
15:49 Castle Age
15:19 Loom
15:45 Gold Mining
27:06 Bow Saw
31:45 Imperial Age
29:59 Ballistics
29:51 Fletching
30:59 Bodkin Arrow
30:35 Crossbowman
32:45 Bracer
32:15 Arbalester
34:06 Guard Tower
35:51 Chemistry
35:43 Padded Archer Armor
37:28 Two-Man Saw
37:27 Heavy Plow
39:58 Conscription
39:16 Elite Skirmisher
39:42 Pikeman
40:23 Squires
41:03 Scale Mail Armor
42:47 Chain Mail Armor
42:34 Bogsveigar
42:28 Man-at-Arms
42:54 Gambesons
43:35 Long Swordsman
44:49 Plate Mail Armor
45:08 Forging
44:50 Two-Handed Swordsman
48:03 Iron Casting
47:36 Guard Tower
50:42 Blast Furnace
52:03 Champion
52:30 Arson
|GaoeG| flamingo
10:52 Feudal Age
12:31 Double-Bit Axe
14:50 Castle Age
13:27 Horse Collar
16:16 Bow Saw
16:14 Heavy Plow
17:12 Loom
17:50 Town Watch
24:02 Devotion
25:06 Gold Mining
27:07 Padded Archer Armor
28:53 Leather Archer Armor
32:37 Imperial Age
32:09 Scale Barding Armor
32:15 Forging
32:48 Bloodlines
32:38 Husbandry
31:59 Light Cavalry
33:30 Ballistics
33:04 Fletching
33:35 Chain Barding Armor
34:25 Conscription
34:13 Elite Skirmisher
34:52 Bodkin Arrow
36:15 Stone Mining
36:30 Hussar
37:29 Thumb Ring
37:53 Cavalier
39:54 Wheelbarrow
39:42 Bracer
40:22 Plate Barding Armor
51:58 Iron Casting
Connection lost

Rejoining the realm…

Still unreachable

The connection could not be restored.

Session expired

The server has moved on; the page needs a fresh start.